Map: King Sejong Station LE

Players

DYmusicguy - Winner!

  • Race: Zerg Zerg
  • League: Bronze
  • Spawn Location: 11:00

Fropez

  • Race: Protoss Protoss
  • League: Silver
  • Spawn Location: 5:00

VOD

Have the link to the VOD?

Description

Time

  • Played on: June 29, 2016, 1:10 p.m.
  • Length: 7:14
Show
View Real Time Build Order
Export as new Build Order

DYmusicguy Zerg - Winner!

Build Orders: Pool First 

Get SALT Encoding   

  12  0:00  Drone  
  13  0:08  Drone  
  14  0:19  Overlord  
  14  0:38  Drone x3  
  17  0:49  Drone  
  18  0:57  Spawning Pool  
  17  1:10  Hatchery  
  16  1:13  Drone  
  16  1:15  Drone  
  18  1:21  Drone  
  18  1:22  Extractor  
  18  1:32  Drone  
  19  1:42  Overlord  
  19  1:43  Queen  
  22  1:54  Drone  
  22  2:04  Drone  
  23  2:15  Drone  
  24  2:21  Extractor, Queen  
  25  2:23  Drone  
  25  2:26  Zergling x2  
  27  2:33  Drone  
  28  2:38  Drone  
  29  2:52  Drone x2  
  29  2:53  Drone x2  
  29  2:55  Drone x2  
  35  2:59  Roach Warren  
  35  3:01  Lair  
  35  3:03  Drone  
  35  3:06  Drone  
  35  3:11  Overlord  
  35  3:32  Drone x5  
  35  3:33  Overlord, Drone  
  41  3:40  Evolution Chamber, Roach  
  41  3:41  Evolution Chamber  
  41  3:42  Drone  
  41  3:45  Extractor, Drone  
  42  3:51  Roach  
  42  3:53  Overlord  
  44  4:02  Glial Reconstitution  
  44  4:04  Roach x2  
  44  4:06  Overlord  
  44  4:09  Zerg Missile Weapons Level 1  
  48  4:15  Zerg Ground Armor Level 1  
  48  4:18  Roach  
  48  4:24  Spine Crawler, Roach  
  51  4:26  Roach  
  52  4:50  Roach  
  52  4:51  Roach x4  
  60  5:06  Overlord  
  60  5:18  Overlord  
  60  5:19  Drone x3  
  63  5:39  Overlord  
  63  5:40  Roach  
  63  5:41  Roach x4  
  71  5:50  Ravager  
  66  6:00  Roach  
  66  6:01  Roach x5  
  74  6:21  Roach x6  
  82  6:32  Ravager  
  80  6:34  Roach  
  80  6:35  Roach  
  80  6:39  Drone x2  
  86  6:40  Extractor  
  85  6:58  Ravager, Hatchery  
  85  6:59  Ravager  
Show
View Real Time Build Order
Export as new Build Order

Fropez Protoss 

Build Orders:  

Get SALT Encoding   

  12  0:01  Probe (Chrono Boost)  
  14  0:21  Pylon  
  13  0:22  Probe (Chrono Boost)  
  14  0:37  Probe (Chrono Boost)  
  15  0:47  Pylon, Gateway  
  15  0:49  Probe (Chrono Boost)  
  16  0:56  Assimilator  
  16  1:00  Probe (Chrono Boost)  
  17  1:11  Gateway  
  17  1:14  Probe (Chrono Boost)  
  18  1:26  Pylon, Probe (Chrono Boost)  
  19  1:38  Assimilator  
  20  1:44  Cybernetics Core  
  19  1:49  Probe (Chrono Boost)  
  20  2:00  Probe (Chrono Boost)  
  21  2:13  Gateway  
  21  2:15  Probe (Chrono Boost)  
  22  2:22  Adept  
  24  2:23  Adept  
  26  2:30  Probe (Chrono Boost)  
  27  2:39  Warp Gate (Chrono Boost)  
  27  2:41  Mothership Core (Chrono Boost)  
  29  2:52  Adept  
  29  2:54  Adept  
  33  2:59  Probe (Chrono Boost)  
  34  3:10  Probe (Chrono Boost)  
  35  3:14  Adept  
  35  3:19  Adept  
  39  3:46  Nexus  
  39  4:07  Pylon  
  39  4:16  Pylon  
  39  4:25  Adept x2  
  39  5:03  Probe  
  39  5:05  Probe  
  37  5:14  Probe  
  37  5:15  Stargate  
  37  5:16  Stargate  
  37  5:20  Probe  
  35  5:28  Assimilator  
  35  5:32  Assimilator  
  35  5:39  Stalker  
  35  5:40  Probe, Stalker x2  
  35  5:41  Pylon, Probe  
  37  6:06  Stalker x2  
  37  6:07  Stalker  
  31  6:27  Phoenix x2 (Chrono Boost)  
  33  6:35  Pylon  
  33  6:37  Probe  
  33  6:38  Probe  
  35  7:00  Stalker x3  
Tags
 
Add a new tag
Caveats
  • Supply blocks, unpowered buildings, or Contaminate may cause inaccurate times.
  • Supply counts are checked every 10 seconds.